 Dungeon Crawl Stone Soup version 0.31.0-1-g2c135a0 (webtiles) character file.

Game seed: 5948106362250816262

24 Kel the Trooper (level 3, -1/34 HPs)
             Began as a Gargoyle Berserker on Feb 10, 2024.
             Was a Follower of Trog.
             Slain by a gnoll
             ... wielding a +0 flail
              (8 damage)
             ... on level 2 of the Dungeon.
             The game lasted 00:01:19 (1001 turns).

Kel the Trooper (Gargoyle Berserker)                Turns: 1001, Time: 00:01:19

Health: -1/34      AC:  6    Str: 22    XL:     3   Next: 2%
Magic:  3/3        EV: 11    Int:  7    God:    Trog [*.....]
Gold:   88         SH:  3    Dex:  9    Spells: 2/2 levels left

rFire   . . .        a - +0 mace
rCold   . . .        c - +0 buckler
rNeg    + . .        b - +0 animal skin
rPois   ∞            (no helmet)
rElec   +            (no cloak)
rCorr   .            h - +0 pair of gloves
SInv    .            (no boots)
Will    .....        (no amulet) Stlth
                     (no ring)
HPRegen 0.25/turn    (no ring)
MPRegen 0.08/turn

%: no passive effects
@: berserking, very quick
A: sickness immunity, AC +3, negative energy resistance 1, electricity
resistance, torment resistance 1, petrification resistance
a: Renounce Religion, Berserk


You were on level 2 of the Dungeon.
You worshipped Trog.
Trog was aware of your devotion.
You visited 1 branch of the dungeon, and saw 2 of its levels.

You collected 88 gold pieces.

Inventory:

Hand Weapons
 a - a +0 mace (weapon)
Armour
 b - a +0 animal skin (worn)
 c - a +0 buckler (worn)
 h - a +0 pair of gloves (worn)
Scrolls
 e - 2 scrolls of identify {unknown}
 f - a scroll of enchant weapon {unknown}
Potions
 d - a potion of attraction {unknown}
 g - a potion of degeneration {unknown}


   Skills:
 + Level 3.6 Fighting
 * Level 3.6 Maces & Flails
 + Level 2.6 Armour
 - Level 1.5 Dodging


You had 2 spell levels left.
You didn't know any spells.
Your spell library was empty.

Dungeon Overview and Level Annotations

Branches:
Dungeon (2/15)

Altars:


Innate Abilities, Weirdness & Mutations

You are immune to sickness and miasma.
Your stone body is resilient. (AC +3)
You are immune to poison.
You resist negative energy. (rN+)
You are resistant to electric shocks. (rElec)
You are resistant to unholy torment.
You are immune to petrification.


Message History

The adder is lightly wounded.
The adder misses you.
You closely miss the adder.
The adder is lightly wounded.
You block the adder's attack. The adder barely misses you.
You hit the adder.
The adder is heavily wounded.
The adder closely misses you. The adder misses you.
You miss the adder.
The adder is heavily wounded.
The adder barely misses you. You block the adder's attack.
You sock the adder!
You kill the adder!
Trog accepts your kill. The ball python bites you.
The ball python closely misses you.
You hit the ball python.
You kill the ball python!
Trog accepts your kill.
The hobgoblin hits you but does no damage.
You sock the hobgoblin!
You kill the hobgoblin!
Trog accepts your kill.
The gnoll hits you from afar with a +2 heavy spear!
The frilled lizard barely misses you.
You have reached level 3!
Your experience leads to an increase in your attributes!
Increase (S)trength, (I)ntelligence, or (D)exterity?
You feel stronger. x2
A red film seems to cover your vision as you go berserk!
You feel yourself moving faster!
You feel mighty! The gnoll hits you but does no damage.
The frilled lizard barely misses you.
You thump the frilled lizard!
You kill the frilled lizard!
Trog accepts your kill.
The gnoll hits you from afar with a +2 heavy spear!
* * * LOW HITPOINT WARNING * * *
You sock the gnoll!
The gnoll is severely wounded.
The gnoll hits you with a +0 flail!
You die...

#.####.##.#.....g.
#..# #....#.......
#..###...# ...g..~
#...##...##.#$...~
#............S....
#.#.#......##....
..........g.# .
####......##g#
#..#....##@#
#.###..##......#
#. ........#####
#. ##.#.##.. #.
### #


You could see 2 gnolls.

Vanquished Creatures
  An adder (D:2)
  A bat (D:1)
  An endoplasm (D:1)
  4 hobgoblins
  A kobold (D:1)
  3 ball pythons
  2 frilled lizards
  2 rats (D:1)
15 creatures vanquished.

Notes
Turn   | Place    | Note
-------+----------+-------------------------------------------
     0 | D:1      | Kel the Gargoyle Berserker began the quest for the Orb.
     0 | D:1      | Reached XP level 1. HP: 14/14 MP: 1/1
   177 | D:1      | Reached XP level 2. HP: 16/19 MP: 2/2
   999 | D:2      | Reached XP level 3. HP: 13/23 MP: 3/3
  1001 | D:2      | Slain by a gnoll

Illustrated notes

Levels and vault maps discovered:
D:1:      psy_arrival_spokes, layout_loops_ring, dreamdust_princess_corridor
D:2:      cheibrodos_helix_gallery, layout_rooms,
          shapermc_ecumenical_altar_notcrosses, hangedman_abyss_or_decor_stabs,
          nrook_mini_vaults, uniq_sigmund

Action                     || total
---------------------------++-------
  Melee: Mace              ||    45
 Invoke: Berserk           ||     1
 Armour: Animal skin       ||    24
  Dodge: Dodged            ||    34
  Block: Buckler           ||     5
